Map: [ESL] Inside and Out

Players

MaxPax

  • Race: Protoss Protoss
  • Spawn Location: 1:00

GunGFuBanDa - Winner!

  • Race: Protoss Protoss
  • Spawn Location: 7:00

Event: DreamHack SC2 Masters 2022 Atlanta (Online)

VOD

Have the link to the VOD?

Description

Time

  • Played on: Oct. 9, 2022, 1:01 p.m.
  • Length: 14:59

All games in this series

Show
View Real Time Build Order
Export as new Build Order

MaxPax Protoss 

Build Orders:  

Get SALT Encoding   

  12  0:00  Probe  
  13  0:12  Probe  
  14  0:19  Pylon  
  14  0:24  Probe  
  15  0:37  Gateway, Probe (Chrono Boost)  
  16  0:47  Probe (Chrono Boost), Assimilator  
  17  0:52  Probe (Chrono Boost)  
  18  1:03  Probe  
  19  1:11  Pylon  
  19  1:13  Assimilator  
  19  1:15  Probe  
  20  1:23  Cybernetics Core  
  20  1:25  Zealot (Chrono Boost)  
  20  1:30  Probe  
  23  1:43  Probe  
  24  1:50  Pylon  
  24  1:55  Probe  
  24  2:00  Adept  
  27  2:10  Stargate  
  27  2:34  Nexus  
  27  2:57  Void Ray (Chrono Boost)  
  35  4:03  Assimilator  
  35  4:04  Void Ray  
  35  4:07  Assimilator  
  35  4:13  Pylon  
  35  4:20  Probe  
  35  4:24  Shield Battery  
  36  4:36  Robotics Facility  
  36  4:53  Pylon  
  36  5:04  Void Ray (Chrono Boost)  
  38  5:23  Immortal  
  38  5:27  Shield Battery  
  42  5:54  Gateway  
  42  6:02  Immortal  
  46  6:17  Void Ray  
  48  6:19  Probe  
  48  6:30  Pylon  
  48  6:34  Pylon  
  47  6:48  Probe  
  47  6:51  Observer (Chrono Boost)  
  49  6:58  Shield Battery  
  49  7:00  Void Ray  
  53  7:18  Observer, Immortal  
  53  7:21  Observer  
  56  7:30  Probe  
  57  7:43  Observer  
  61  7:47  Observer, Void Ray  
  61  7:55  Pylon  
  61  8:10  Observer  
  60  8:14  Probe  
  58  8:24  Observer  
  58  8:26  Probe  
  63  8:30  Void Ray  
  63  8:38  Probe  
  64  8:59  Immortal (Chrono Boost)  
  68  9:03  Pylon  
  68  9:24  Observer  
  71  9:37  Void Ray  
  71  9:53  Observer  
  71  9:58  Observer  
  71  10:12  Pylon  
  71  10:13  Nexus  
  71  10:15  Pylon  
  71  10:30  Probe  
  76  10:36  Void Ray  
  76  10:42  Probe  
  75  10:50  Immortal  
  75  10:54  Probe (Chrono Boost)  
  80  11:06  Probe (Chrono Boost)  
  81  11:11  Probe (Chrono Boost)  
  81  11:20  Probe  
  81  11:23  Observer  
  81  11:25  Void Ray, Pylon  
  86  11:46  Probe  
  91  11:50  Observer  
  91  12:04  Pylon  
  91  12:06  Pylon  
  87  12:08  Fleet Beacon  
  87  12:24  Observer, Probe  
  93  12:41  Flux Vanes  
  93  12:42  Void Ray  
  93  12:50  Cybernetics Core  
  93  13:17  Pylon  
  93  13:39  Observer  
  93  13:40  Void Ray, Pylon  
  97  13:54  Probe  
  95  14:26  Probe  
  100  14:35  Nexus  
Show
View Real Time Build Order
Export as new Build Order

GunGFuBanDa Protoss - Winner!

Build Orders: Cannon Rush 

Get SALT Encoding   

  12  0:00  Probe (Chrono Boost)  
  13  0:10  Probe (Chrono Boost)  
  14  0:19  Pylon  
  14  0:21  Probe  
  15  0:37  Probe  
  15  0:39  Forge  
  16  0:49  Probe  
  17  0:58  Pylon  
  17  1:03  Pylon  
  17  1:14  Pylon  
  17  1:16  Photon Cannon  
  17  1:27  Gateway  
  17  1:33  Photon Cannon  
  17  1:36  Probe  
  18  1:45  Photon Cannon  
  18  1:48  Probe, Assimilator  
  19  2:00  Probe  
  20  2:09  Photon Cannon  
  20  2:12  Probe  
  21  2:16  Cybernetics Core  
  21  2:24  Probe  
  21  2:27  Photon Cannon  
  22  2:36  Probe  
  22  2:37  Assimilator  
  22  2:49  Probe  
  23  2:51  Stalker (Chrono Boost)  
  23  2:53  Warp Gate (Chrono Boost)  
  25  3:01  Probe, Pylon  
  26  3:14  Stalker  
  28  3:22  Shield Battery  
  28  3:33  Twilight Council  
  28  3:36  Probe  
  29  3:48  Probe  
  27  4:02  Gateway  
  27  4:03  Blink (Chrono Boost)  
  27  4:04  Gateway  
  27  4:24  Gateway  
  27  4:34  Pylon  
  27  4:35  Stalker  
  29  4:45  Probe  
  30  4:57  Stalker  
  30  5:00  Stalker x2  
  34  5:08  Gateway  
  34  5:21  Stalker x2  
  36  5:26  Stalker  
  40  5:49  Zealot  
  42  5:51  Adept  
  42  5:52  Adept  
  46  6:02  Probe  
  47  6:11  Stalker  
  47  6:12  Stalker  
  47  6:13  Sentry  
  51  6:31  Nexus  
  51  6:37  Probe  
  52  6:55  Pylon  
  52  6:56  Probe  
  53  7:06  Stalker  
  55  7:11  Pylon  
  56  7:15  Probe  
  54  7:30  Probe  
  54  7:31  Stalker x3  
  54  7:34  Shield Battery  
  61  7:39  Stalker  
  63  7:54  Stalker  
  63  7:57  Shield Battery  
  65  8:05  Stalker  
  67  8:15  Stalker  
  69  8:20  Stalker  
  69  8:25  Stalker  
  73  8:42  Stalker x2  
  73  8:43  Probe  
  79  8:51  Stalker  
  79  8:52  Stalker  
  84  8:55  Probe (Chrono Boost)  
  84  9:02  Charge (Chrono Boost)  
  83  9:06  Probe (Chrono Boost)  
  84  9:11  Probe (Chrono Boost)  
  84  9:16  Pylon  
  85  9:34  Gateway  
  85  9:39  Pylon  
  83  9:50  Stalker x4  
  91  10:08  Pylon  
  91  10:16  Stalker x3  
  91  10:20  Pylon  
  97  10:21  Pylon  
  97  10:24  Pylon  
  97  10:27  Gateway  
  97  10:31  Probe  
  97  10:33  Assimilator  
  98  10:43  Probe  
  98  10:46  Stalker x3  
  98  10:48  Stalker  
  107  10:57  Stalker  
  109  11:11  Probe (Chrono Boost)  
  109  11:15  Forge  
  110  11:21  Probe (Chrono Boost)  
  111  11:27  Zealot x5  
  119  11:40  Zealot  
  119  11:44  Protoss Ground Weapons Level 1 (Chrono Boost)  
  121  12:00  Zealot  
  121  12:01  Zealot x2  
  125  12:08  Nexus  
  125  12:13  Pylon  
  125  12:21  Templar Archives  
  125  12:38  Robotics Facility  
  125  12:45  Zealot  
  127  12:58  High Templar x3  
  129  13:01  Pylon  
  129  13:04  Pylon  
  133  13:07  High Templar  
  133  13:11  Archon x2  
  134  13:14  Photon Cannon  
  134  13:16  Gateway  
  134  13:19  Gateway, Probe  
  135  13:31  Probe, High Templar x2  
  140  13:38  Observer, Archon  
  140  13:39  Zealot x3  
  147  13:43  Probe  
  142  13:56  Probe (Chrono Boost)  
  142  13:58  Assimilator  
  142  14:01  Probe (Chrono Boost)  
  144  14:05  Probe (Chrono Boost)  
  144  14:06  Stalker x4  
  153  14:25  Stalker x3  
  153  14:27  Probe, Pylon  
  160  14:34  Zealot x2  
Tags
 
Add a new tag
Caveats
  • Supply blocks, unpowered buildings, or Contaminate may cause inaccurate times.
  • Supply counts are checked every 10 seconds.